Unix NetHack Version 3.7.0-66 Work-in-progress - last build Dec 5 2022 03:26:57 (dbea811729ade750c4c0c7f8ab6145c62533a6e7,branch:master). Game began 2022-12-19 17:31:36, ended 2022-12-20 02:56:05. Kontroller, lawful male human Knight *###* ---- ####*# -- ... --- ---------........- --- .. ... |.|---|................|---- ----|.---.- .. ---.|...|................| !!| |...|..|..| | .. --...|...-....|...........| !%| |...|.....--.-- ..--|....|.. |.........-----..| .. --+---|--..........| ...|--...-----......|..|((.|..--|---+-................| -..||................ |((.-*............-----........| |.p|--..........|---| |(..|).....--+-...| ..|...-...-- ---..| -------....|(((|.------..{...| |...-...|...>..-- ------ ---....-------..+...|(((|......).)....| |...|...|.....-- |............@M.....|..|...|...|......))---|-------------.--..| -- --....------.----...--|-|.....-|-|..................|..| --... |...|........%.....|..|----....---------.|--- ... |...|..#...........|..|%%.-....|......| .| |... |...|-....{........|..|%!.|....-...._.| .| ---- |...--..|....#.....--------....|......| | |.......|-................)....|------- ---------------------- --------- Kontroller the Bachelor St:14 Dx:10 Co:13 In:8 Wi:17 Ch:18 Lawful S:4928 Dlvl:7 $:0 HP:0(50) Pw:54(54) AC:1 Xp:7/1157 T:5197 Fainting Burdened Latest messages: You see here a lamp called oil lamp (for sale, 9 zorkmids). You see here a candle (for sale, 9 zorkmids). You see here a brass lantern (for sale, 8 zorkmids). You see here a candle (for sale, 9 zorkmids). You see here an uncursed bag called sack containing 15 items. You have a little trouble lifting an uncursed bag called sack containing 15 items. Continue? [ynq] (q) y W - an uncursed bag called sack containing 15 items. You rebalance your load. Movement is difficult. This door is locked. This door is locked. This door is locked. This door is locked. This door is locked. This door is locked. This door is locked. This door is locked. You are beginning to feel weak. You hear the chime of a cash register. You hear a door open. You hear crashing rock. You swap places with the peaceful watchman. You hear crashing rock. You faint from lack of food. You regain consciousness. You can hear again. You faint from lack of food. The human mummy hits! The human mummy hits! You regain consciousness. What do you want to drop? [abd-hlnotLVWZ or ?*] W You drop an uncursed bag called sack containing 15 items. Your movements are only slowed slightly by your load. The human mummy hits! The human mummy hits! You can hear again. You feel strong! You must have been exercising diligently. The human mummy hits! The human mummy hits! What do you want to eat? [g or ?*] g This lizard corpse tastes okay. The human mummy hits! You stop eating the lizard corpse. The human mummy hits! You hit the human mummy! The human mummy misses! The human mummy hits! You die... Do you want your possessions identified? [ynq] (y) y Do you want to see your attributes? [ynq] (y) q Inventory: Weapons a - the blessed rustproof +1 Excalibur (weapon in hand) b - a blessed +1 lance (alternate weapon; not wielded) Armor d - an uncursed +0 helmet (being worn) f - an uncursed +0 pair of leather gloves (being worn) e - an uncursed +0 small shield (being worn) t - an uncursed +0 dwarvish cloak (being worn) o - an uncursed +0 splint mail (being worn) Comestibles g - an uncursed partly eaten lizard corpse Potions h - a cursed potion of sickness Tools l - an uncursed brass lantern n - an uncursed brass lantern L - an expensive camera (0:74) V - an uncursed tin whistle Z - an uncursed towel Kontroller the Knight's attributes: Background: You were a Bachelor, a level 7 male human Knight. You were lawful, on a mission for Lugh who was opposed by Brigit (neutral) and Manannan Mac Lir (chaotic). You were in the Gnomish Mines, on level 7. You entered the dungeon 5197 turns ago. It was nighttime. You had 1157 experience points, 123 more were needed to attain level 8. Your score was 4928 before end-of-game adjustments. Basics: You had 0 out of 50 hit points. You had all 54 energy points (spell power). Your armor class was 1. Your wallet was empty. Autopickup was off. Final Characteristics: Your strength was 14 (base:15, limit:18/100). Your dexterity was 10 (limit:18). Your constitution was 13 (limit:18). Your intelligence was 8 (limit:18). Your wisdom was 17 (limit:18). Your charisma was 18 (limit:18). Final Status: You were fainting due to starvation. You were burdened; movement was slightly slowed. You were wielding a long sword. You were skilled in long sword. Final Attributes: You were piously aligned. You were level-drain resistant. You were telepathic. You had automatic searching. You could jump. You were warded. You were fast. You are dead. Miscellaneous: You never encountered a bones level. Total elapsed playing time was 45 minutes and 35 seconds. Major events: Turn 1: Kontroller the lawful male human Knight entered the dungeon 1341: attained the rank of Esquire (level 3) 1748: entered the Gnomish Mines 2530: has been given Excalibur, and now enjoys supreme executive power 2925: attained the rank of Bachelor (level 6) 2958: was bestowed with Demonbane by Lugh 4838: reached Mine Town 5197: killed by a human mummy Vanquished creatures: a small mimic a giant beetle a lizard a dust vortex 3 Mordor orcs 2 rock piercers a pony 2 fog clouds a violet fungus 6 gnome leaders a gnomish wizard 4 giant ants 4 floating eyes 4 dwarves 5 homunculi 2 rothes 3 giant bats a monkey 10 orc zombies a wererat 2 werejackals 2 iguanas 2 acid blobs 2 gas spores 4 hobbits 3 manes a hobgoblin 2 giant rats a brown mold 3 yellow molds a green mold 2 red molds 36 gnomes 3 geckos 15 jackals 2 foxes a kobold 5 goblins 2 sewer rats 9 grid bugs 4 bats 5 lichens 7 newts 168 creatures vanquished. No species were genocided or became extinct. Voluntary challenges: You were illiterate. You never engraved Elbereth. You never genocided any monsters. You never polymorphed an object. You never changed form. You used no wishes. Achievements: You attained the rank of Esquire. You entered the Gnomish Mines. You attained the rank of Bachelor. You entered Minetown. You entered a temple. You entered a shop. The Dungeons of Doom: levels 1 to 4 Level 1: An altar. Level 2: Many fountains. Level 3: An altar to Lugh, a fountain. Stairs down to The Gnomish Mines. Level 4: A fountain. The Gnomish Mines: levels 4 to 7 Level 4: Level 5: Level 6: Level 7: <- You were here. Some shops, a temple, some fountains, some trees. Final resting place for you, killed by a human mummy. Game over: ---------- / \ / REST \ / IN \ / PEACE \ / \ | Kontroller | | 0 Au | | killed by a | | human mummy | | | | | | 2022 | *| * * * | * _________)/\\_//(\/(/\)/\//\/|_)_______ Fare thee well Kontroller the Knight... You died in The Gnomish Mines on dungeon level 7 with 4928 points, and 0 pieces of gold, after 5197 moves. You were level 7 with a maximum of 50 hit points when you died.